 Dungeon Crawl Stone Soup version 0.24-a0-312-g16217b4 (webtiles) character file.

Game seed: 4745931081660136018

312 kaychamo the Chopper (level 6, -15/39 HPs)
             Began as a Halfling Chaos Knight on May 15, 2019.
             Was a Plaything of Xom.
             Demolished by Pikel
             ... wielding a +0 whip of electrocution
              (19 damage)
             ... on level 4 of the Dungeon.
             The game lasted 00:19:24 (4949 turns).

kaychamo the Chopper (Halfling Chaos Knight)        Turns: 4949, Time: 00:19:26

Health: -15/39     AC:  5    Str: 11    XL:     6   Next: 71%
Magic:  6/6        EV: 13    Int:  8    God:    Xom [*.....]
Gold:   143        SH:  0    Dex: 14    Spells: 5/5 levels left

rFire    + . .     SeeInvis .   a - +0 hand axe (chaos)
rCold    . . .     Gourm    .   v - +0 buckler
rNeg     . . .     Faith    .   p - +2 leather armour
rPois    .         Spirit   .   (no helmet)
rElec    .         Reflect  .   (no cloak)
rCorr    .         Harm     .   (no gloves)
MR       .....                  (no boots)
Stlth    +.........             (no amulet)
HPRegen  0.13/turn              i - ring of protection from fire
MPRegen  0.10/turn              (no ring)

@: confused
A: small, dopey 1, frail 1, mutation resistance 1, weak 2
a: Renounce Religion


You were on level 4 of the Dungeon.
You worshipped Xom.
You were a special plaything of Xom.
You were not hungry.

You visited 1 branch of the dungeon, and saw 4 of its levels.

You collected 143 gold pieces.

Inventory:

Hand Weapons
 a - a +0 hand axe of chaos (weapon)
 b - a +0 hunting sling
   (You took it off a goblin on level 2 of the Dungeon)
 w - the +3 hunting sling "Tumuh" {venom, rF+ Str+7 Int-5 SInv, unknown}
   (You found it on level 4 of the Dungeon)

   It poisons the ammo it fires.
   It affects your strength (+7).
   It affects your intelligence (-5).
   It protects you from fire.
   It lets you see invisible.
Missiles
 d - 134 stones (quivered)
 q - 17 sling bullets
Armour
 l - a +0 scale mail
   (You found it on level 1 of the Dungeon)
 p - a +2 leather armour (worn)
 v - a +0 buckler (worn)
   (You took it off a kobold on level 3 of the Dungeon)
Jewellery
 i - a ring of protection from fire (left hand)
   (You took it off a hobgoblin on level 3 of the Dungeon)
Wands
 c - a wand of disintegration (15)
   (You found it on level 4 of the Dungeon)
Scrolls
 f - 2 scrolls of identify {@r1}
 h - a scroll of remove curse {@r2}
 m - a scroll of immolation {!r}
 n - 3 scrolls of teleportation {@r4}
Potions
 g - a potion of lignification {unknown}
 j - 2 potions of haste {@q3}
 k - a potion of degeneration {!q}
 o - a potion of brilliance {unknown}
 r - a potion of cancellation {unknown}
 s - a potion of might {unknown}
 t - a potion of curing {@q1}
Comestibles
 e - 6 rations {!d}


   Skills:
 + Level 4.7 Fighting
 + Level 5.2 Axes
 - Level 2.1 Armour
 - Level 1.1 Dodging
 + Level 1.2 Shields


You had 5 spell levels left.
You didn't know any spells.
Your spell library contained the following spells:

 Spells                   Type           Power        Failure   Level  Hunger
 Beastly Appendage        Tmut           #.....       63%         1    ##.....
 Sticks to Snakes         Tmut           #.......     77%         2    ###....
 Spider Form              Tmut/Pois      #.........   94%         3    ####...
 Ice Form                 Ice/Tmut       #.......     100%        4    #####..
 Blade Hands              Tmut           #.........   100%        5    ######.


Dungeon Overview and Level Annotations

Branches:
Dungeon (4/15)
 Temple: D:4-7

Altars:
Cheibriados
Trog
Yredelemnul

Annotations:
D:4 Ijyb, Pikel


Innate Abilities, Weirdness & Mutations

You are small and have problems with some larger weapons.
You are somewhat resistant to further mutation.
You are dopey. (Int -2)
You are frail. (-10% HP)
You are very weak. (Str -4)


Message History

The sling bullet barely misses the slave.
Firing (i - inventory. (/) - cycle)
q - 18 sling bullets (quivered)
Aim: a slave You shoot a sling bullet.
The sling bullet hits the slave but does no damage.
Your +0 hand axe of chaos is briefly surrounded by a scintillating aura of random colours.
a - a +0 hand axe of chaos (weapon)
The slave barely misses you. The slave hits you!
The slave hits you but does no damage.
You slash the slave! You hit the slave but do no damage. The slave hits you!
The slave hits you.
You hit the slave.
Multicoloured lights dance around the slave!
You hit the slave.
Space warps horribly around the slave!!
The slave barely misses you. The slave hits you.
You hit the slave. You hit the slave but do no damage.
The slave seems to slow down.
You block the slave's attack. The slave completely misses you.
You barely miss the slave. x2; The slave hits you.
* * * LOW HITPOINT WARNING * * *
The slave hits you!
* * * LOW HITPOINT WARNING * * *
Pikel zaps a wand.
The puff of flame hits you. You resist.
* * * LOW HITPOINT WARNING * * *
Xom titters.
You are confused.
There is a stone staircase leading up here.
The slave hits you.
* * * LOW HITPOINT WARNING * * *
In your confused state, you trip and fall back down the stairs.
* * * LOW HITPOINT WARNING * * *
Xom roars with laughter!
The slave misses you.
Pikel says, "Slavery isn't that bad."
You are too injured to fight recklessly!
You are too injured to fight recklessly!
Unknown command.
You are too injured to fight recklessly!
You are too injured to fight recklessly!
You are too injured to fight recklessly!
You can't go down here!
The slave closely misses you. The slave misses you.
Pikel cracks his whip.
In your confused state, you trip and fall back down the stairs.
* * * LOW HITPOINT WARNING * * *
The slave barely misses you. Pikel hits you but does no damage.
You are electrocuted!!
You die...
Xom cackles wildly!

...........##
.).........##
..).....)...#
............###
..........)...#
........##..)####
.......###.##.#.##
.......#.#.#([.K.#
.........#.....p@#
.....#..(..#..#p.#
#....##....#..####
#.#...#########
..#..## ......#
.....## ###..#
####


You could see Pikel and 2 slaves.

Vanquished Creatures
  A slave (D:4)
  An orc priest (D:4)
  An orc wizard (D:4)
  Natasha (thrice) (D:2)
  3 gnolls (D:3)
  5 adders
  An ooze (D:1)
  An adder skeleton (D:4)
  2 dart slugs
  3 leopard geckos
  11 orcs
  A ball python (D:1)
  5 giant cockroaches
  10 goblins
  7 hobgoblins
  2 jackals (D:1)
  6 bats
  6 frilled lizards
  15 kobolds
  5 rats
89 creatures vanquished.

Vanquished Creatures (others)
  A dart slug (D:3)
1 creature vanquished.

Grand Total: 90 creatures vanquished

Notes
Turn   | Place    | Note
-------+----------+-------------------------------------------
     0 | D:1      | kaychamo the Halfling Chaos Knight began the quest for the
                  | Orb.
     0 | D:1      | Reached XP level 1. HP: 15/15 MP: 1/1
   106 | D:1      | Reached XP level 2. HP: 20/20 MP: 2/2
   255 | D:1      | XOM: silly message
   352 | D:1      | Reached XP level 3. HP: 23/26 MP: 3/3
   695 | D:1      | XOM: noise
   800 | D:1      | XOM: harmless Pois miscast
   924 | D:2      | Reached XP level 4. HP: 26/31 MP: 4/4
   967 | D:2      | XOM: divination: magic mapping
   982 | D:2      | XOM: give mutations
   982 | D:2      | Gained mutation: You are dopey. (Int -2) [Xom's mischief]
   982 | D:2      | Gained mutation: You are weak. (Str -2) [Xom's mischief]
   982 | D:2      | Gained mutation: You are very weak. (Str -4) [Xom's
                  | mischief]
  1076 | D:2      | XOM: noise
  1094 | D:2      | Reached skill level 4 in Axes
  1242 | D:2      | Noticed Natasha
  1263 | D:2      | Killed Natasha
  1424 | D:2      | Found a basalt altar of Yredelemnul.
  1625 | D:2      | XOM: smoke on damage
  1640 | D:2      | Reached XP level 5. HP: 27/37 MP: 5/5
  1663 | D:2      | XOM: harmless Pois miscast
  1793 | D:2      | Noticed Natasha
  1805 | D:2      | Killed Natasha
  1922 | D:2      | XOM: medium Necr miscast
  2094 | D:2      | Found a bloodstained altar of Trog.
  2273 | D:2      | Noticed Natasha
  2277 | D:2      | Killed Natasha
  2424 | D:2      | XOM: harmless Ice miscast
  2451 | D:3      | XOM: summons 2 hostile demons
  2922 | D:3      | XOM: torment (20/37 hp)
  3319 | D:3      | XOM: harmless Fire miscast
  3511 | D:3      | XOM: enchant monster (bad)
  3516 | D:3      | XOM: enchant monster (bad)
  3522 | D:3      | Reached XP level 6. HP: 32/44 MP: 6/6
  3597 | D:2      | XOM: summons 3 hostile demons
  3608 | D:2      | XOM: butterfly on damage
  3686 | D:2      | XOM: give mutation
  3686 | D:2      | Gained mutation: You are frail. (-10% HP) [Xom's mischief]
  3814 | D:3      | Reached skill level 5 in Axes
  4354 | D:4      | XOM: butterfly on damage
  4576 | D:4      | Found a snail-covered altar of Cheibriados.
  4594 | D:4      | Reached skill level 1 in Shields
  4675 | D:4      | Got a fine hunting sling
  4686 | D:4      | XOM: cloud trail
  4699 | D:4      | Noticed a slave
  4699 | D:4      | Noticed a slave
  4700 | D:4      | Noticed Pikel
  4700 | D:4      | Noticed a slave
  4701 | D:4      | Noticed a slave
  4711 | D:4      | Noticed Ijyb
  4740 | D:4      | Killed a slave
  4945 | D:4      | XOM: confusion
  4949 | D:4      | Demolished by Pikel

Levels and vault maps discovered:
D:1:      dpeg_arrival_pits, layout_basic
D:2:      layout_loops_ring, lightli_temple_of_fire, lemuel_crystal_altar,
          uniq_natasha
D:3:      cheibrodos_thug_alley, layout_basic
D:4:      layout_cave_pools, overflow_temple_1_default, kennysheep_mini_moat,
          first_ration, uniq_pikel, uniq_ijyb

Skill      XL: |  1  2  3  4  5  6 |
---------------+-------------------+-----
Fighting       | 3 4 |  4.7
Axes           | 4 5 |  5.2
Shields        | 1 |  1.2
Armour         | |  2.1
Dodging        | |  1.1

Action                   |  1- 3 |  4- 6 || total
-------------------------+-------+-------++-------
Melee: Hand axe          |   107 |   227 ||   334
 Fire: Hunting sling     |       |    23 ||    23
Throw: Stone             |     9 |     6 ||    15
  Use: Scroll            |       |     8 ||     8
       Potion            |       |     1 ||     1
 Stab: Paralysed         |     1 |       ||     1
       Petrifying        |       |     1 ||     1
  Eat: Chunk             |       |    13 ||    13
Armor: Leather armour    |    35 |    68 ||   103
Dodge: Dodged            |    78 |   172 ||   250
Block: Buckler           |       |     7 ||     7

Table legend:
 A = Non-vault XP
 B = Vault XP
 C = Vault XP percentage of total XP
 D = Non-vault monster count
 E = Vault monster count
 F = Vault count percentage of total count
                 A         B        C        D         E       F
            +---------+---------+-------+---------+---------+-------
      Total |     403 |      44 |   9.8 |      81 |       8 |   9.0
            +---------+---------+-------+---------+---------+-------
        D:1 |      61 |       0 |   0.0 |      31 |       0 |   0.0
        D:2 |     134 |      35 |  20.7 |      19 |       1 |   5.0
        D:3 |      83 |       9 |   9.8 |      17 |       7 |  29.2
        D:4 |     125 |       0 |   0.0 |      14 |       0 |   0.0
            +---------+---------+-------+---------+---------+-------
